 Dungeon Crawl Stone Soup version 0.21-a0-414-gba8bdf1 (webtiles) character file.

74 sagitran the Chucker (level 4, 0/67 HPs)
             Began as an Ogre Hunter on Nov 2, 2017.
             Slain by an adder (1 damage)
             ... on level 2 of the Dungeon.
             The game lasted 00:06:15 (1584 turns).

sagitran the Chucker (Ogre Hunter)                  Turns: 1584, Time: 00:06:16

Health: 0/67       AC: 22    Str: 13 (16) XL:     4   Next: 28%
Magic:  4/4        EV:  1    Int:  9 (12) God:
Gold:   36         SH:  0    Dex: 10      Spells: 3/3 levels left

rFire    . . .     SeeInvis .   h - +0 mace (curse)
rCold    . . .     Gourm    .   (no shield)
rNeg     + + +     Faith    .   (armour currently unavailable)
rPois    +         Spirit   .   (helmet currently unavailable)
rElec    .         Reflect  .   (cloak currently unavailable)
rCorr    .         Harm     .   (gloves unavailable)
MR       .....     Rnd*Rage +   (boots unavailable) Stlth +.........NoTele +
                                (no amulet)
HPRegen  0.21/turn              (no ring)
MPRegen  0.09/turn              (no ring)

@: lethally poisoned (0 -> -2), tree-form
A: unfitting armour, berserk 1, blurry vision 1
a: no special abilities


You were on level 2 of the Dungeon.
You were not hungry.
You were a tree.
You visited 1 branch of the dungeon, and saw 2 of its levels.

You collected 36 gold pieces.

Inventory:

Hand Weapons
 a - a +0 short sword
 h - a cursed +0 mace (weapon)
 k - a +0 club
Missiles
 c - 9 large rocks (quivered)
 d - 2 throwing nets
Armour
 b - a +0 robe (melded)
Scrolls
 g - a scroll of enchant armour {unknown}
 n - a scroll of teleportation {unknown}
 o - a scroll of blinking {unknown}
 q - a scroll of immolation {unknown}
 r - 2 scrolls of identify {unknown}
 s - 2 scrolls of amnesia {unknown}
Potions
 e - a potion of mutation
 l - 2 potions of degeneration
Comestibles
 f - a bread ration
 j - a royal jelly
 m - 2 meat rations


   Skills:
 + Level 3.3 Fighting
 + Level 1.0 Maces & Flails
 + Level 4.5 Throwing
 * Level 2.6 Dodging
 + Level 0.9 Stealth
 + Level 0.5 Unarmed Combat


You had 3 spell levels left.
You didn't know any spells.

Dungeon Overview and Level Annotations

Branches:
Dungeon (2/15)

Altars:


Innate Abilities, Weirdness & Mutations

You are too large for most types of armour.
((You have tough skin. (AC +1)))
((You have a beak for a mouth.))
You tend to lose your temper in combat.
Scrolls take you a little longer to read.


Message History

The bat hits you but does no damage.
You barely miss the worm.
The worm is severely wounded.
You feel sick. The bat closely misses you. The adder bites you.
* * * LOW HITPOINT WARNING * * *
The worm bites you.
* * * LOW HITPOINT WARNING * * *
The adder closely misses you. The bat hits you.
* * * LOW HITPOINT WARNING * * *
It was a potion of mutation.
You feel extremely strange.
Your vision blurs.
You feel a little pissed off.
Your mouth lengthens and hardens into a beak!
You feel sick. The bat hits you but does no damage. The adder bites you.
* * * LOW HITPOINT WARNING * * *
The worm bites you.
* * * LOW HITPOINT WARNING * * *
You turn into a tree.
Your +0 robe melds into your body.
Your roots penetrate the ground.
The adder barely misses you. The bat hits you but does no damage.
The adder bites you.
You die...

#.##.##.#
#....
#.......#
#....
####.####
#... ##.##
#...# #.#.#
###...######
#.....S..>.#
#.##.♣#.##.#
#. #bw#.S. #
#(.. #...
##.#. ..#.
#.#.# .# ...
. # ### ##


You could see a worm, an adder and a bat.

Vanquished Creatures
  Terence (D:2)
  An adder (D:2)
  A worm (D:2)
  A dart slug (D:1)
  A leopard gecko (D:2)
  4 giant cockroaches (D:2)
  A goblin (D:1)
  5 hobgoblins
  3 jackals (D:1)
  3 kobolds
  A quokka (D:2)
  3 bats
  A frilled lizard (D:1)
  5 rats
31 creatures vanquished.

Notes
Turn   | Place    | Note
-------+----------+-------------------------------------------
     0 | D:1      | sagitran the Ogre Hunter began the quest for the Orb.
     0 | D:1      | Reached XP level 1. HP: 22/22 MP: 1/1
   278 | D:1      | Reached XP level 2. HP: 29/29 MP: 2/2
   767 | D:2      | Noticed Terence
   774 | D:2      | Killed Terence
   774 | D:2      | Reached XP level 3. HP: 26/37 MP: 3/3
  1007 | D:2      | Reached skill level 1 in Maces & Flails
  1007 | D:2      | Reached XP level 4. HP: 29/45 MP: 4/4
  1583 | D:2      | Gained mutation: Scrolls take you a little longer to read. [potion of mutation]
  1583 | D:2      | Gained mutation: You tend to lose your temper in combat. [potion of mutation]
  1583 | D:2      | Gained mutation: You have a beak for a mouth. [potion of mutation]
  1583 | D:2      | HP: 1/45 [worm (3)]
  1584 | D:2      | Slain by an adder

Vault maps used:
D:1:      matt_arrival_grand_opening
D:2:      hangedman_abyss_or_decor_lesser_grid, uniq_terence

Skill      XL: |  1  2  3 |
---------------+----------+-----
Dodging        | 2 |  2.6
Fighting       | 3 |  3.3
Maces & Flails | 1 |  1.0
Throwing       | |  4.5
Stealth        | |  0.9
Unarmed Combat | |  0.5

Action                   |  1- 3 |  4- 6 || total
-------------------------+-------+-------++-------
Melee: Unarmed           |    34 |       ||    34
       Mace              |    74 |    27 ||   101
Throw: Large rock        |     8 |       ||     8
  Use: Potion            |     2 |     2 ||     4
 Stab: Sleeping          |     1 |     1 ||     2
  Eat: Chunk             |       |     2 ||     2
Armor: Robe              |    75 |    12 ||    87
       Skin              |     7 |     1 ||     8
Dodge: Dodged            |    95 |    20 ||   115

Table legend:
 A = Spawn XP
 B = Non-spawn XP
 C = Spawn XP percentage of total XP
 D = Spawn monster count
 E = Non-spawn monster count
 F = Spawn count percentage of total count
 G = Total turns spent on level
                    A         B        C        D         E        F      G
               +---------+---------+-------+---------+---------+-------+---------
         Total |       0 |     106 |   0.0 |       0 |      31 |   0.0 |  1584
               +---------+---------+-------+---------+---------+-------+---------
           D:1 |       0 |      24 |   0.0 |       0 |      14 |   0.0 |   767
           D:2 |       0 |      82 |   0.0 |       0 |      17 |   0.0 |   817
               +---------+---------+-------+---------+---------+-------+---------
